 Dungeon Crawl Stone Soup version 0.25.1-2-g60ff931df9 (webtiles) character file.

Game seed: 14156776063305117161

18 KyoPewz the Gusty (level 2, -1/15 HPs)
             Began as a Tengu Air Elementalist on Oct 2, 2020.
             Slain by an adder (4 damage)
             ... on level 1 of the Dungeon.
             The game lasted 00:02:12 (736 turns).

KyoPewz the Gusty (Tengu Air Elementalist)           Turns: 736, Time: 00:02:12

Health: -1/15      AC:  2    Str:  8    XL:     2   Next: 70%
Magic:  0/6        EV: 15    Int: 15    God:
Gold:   74         SH:  0    Dex: 14    Spells: 4/5 levels left

rFire    . . .     SeeInvis .   (no weapon)
rCold    . . .     Gourm    .   (no shield)
rNeg     . . .     Faith    .   a - +0 robe
rPois    .         Spirit   .   (helmet restricted)
rElec    .         Reflect  .   (no cloak)
rCorr    .         Harm     .   (no gloves)
MR       .....                  (boots unavailable)
Stlth    ++........             (no amulet)
HPRegen  0.05/turn              (no ring)
MPRegen  0.10/turn              (no ring)

@: lethally poisoned (-1 -> -5), flying quickly and evasively, hasted, very
quick
A: beak, talons 3
a: no special abilities


You were on level 1 of the Dungeon.
You were not hungry.

You visited 1 branch of the dungeon, and saw 2 of its levels.

You collected 74 gold pieces.

Inventory:

Armour
 a - a +0 robe (worn)
Comestibles
 d - 3 chunks of flesh
 e - 4 rations {!d}


   Skills:
 - Level 2.1 Dodging
 - Level 2.0 Stealth
 + Level 2.2 Spellcasting
 + Level 2.1 Conjurations
 * Level 4.7 Air Magic


You had 4 spell levels left.
You knew the following spells:

 Your Spells              Type           Power        Failure   Level  Hunger
a - Shock                 Conj/Air       ##..         5%          1    #......

Your spell library contained the following spells:

 Spells                   Type           Power        Failure   Level  Hunger
 Swiftness                Chrm/Air       #.......     13%         2    ###....
 Static Discharge         Conj/Air       ##......     16%         3    ###....
 Airstrike                Air            ###.......   30%         4    #####..
 Lightning Bolt           Conj/Air       ##........   83%         5    ######.


Dungeon Overview and Level Annotations

Branches:
Dungeon (2/15)

Altars:


Innate Abilities, Weirdness & Mutations

You have a beak for a mouth.
You have claws for feet.


Message History

You kill the bat!
Found 13 gold pieces.
Found a stone staircase leading up.
You see here a bat corpse.
You butcher the bat corpse.
d - 3 chunks of flesh (gained 1)
You see here a bat skeleton.
An adder comes into view.
Aim: an adder (wandering, hasn't noticed you)
The zap misses the adder.
The adder hisses angrily.
Aim: an adder The zap misses the adder.
Aim: an adder The zap hits the adder.
A hobgoblin comes into view. It is wielding a +0 club.
Aim: an adder (lightly wounded)
The zap hits the adder.
The zap hits the hobgoblin.
You kill the hobgoblin!
Aim: an adder (moderately wounded)
The zap hits the adder.
The adder bites you.
You don't have enough magic to cast that spell.
There is a stone staircase leading up here.
The adder closely misses you.
You climb upwards.
There is a stone staircase leading down here.
Okay, then.
You hit the adder but do no damage. The adder bites you.
* * * LOW HITPOINT WARNING * * *
The adder barely misses you.
You closely miss the adder. Your kick misses the adder.
Your peck misses the adder. The adder bites you.
* * * LOW HITPOINT WARNING * * *
You closely miss the adder. Your kick misses the adder.
The adder barely misses you.
The zap hits the adder. x2; The adder bites you.
* * * LOW HITPOINT WARNING * * *
You are lethally poisoned!
The adder poisons you! The adder misses you.
It was a potion of flight.
You feel very buoyant.
You swoop lightly up into the air.
* * * LOW HITPOINT WARNING * * *
You feel sick. The adder closely misses you.
It was a potion of haste.
You feel yourself speed up. The adder bites you.
* * * LOW HITPOINT WARNING * * *
You aren't carrying any scrolls.
You don't have enough magic to cast that spell.
You hit the adder but do no damage. The adder bites you.
You die...

..........#.....######.#
................# #.#
................######.#
.............).........#
........#.......########
###.....#.#.#.[...#....#
..[.....#......#.##.##.#
.................>...#.#
#######.##.#....@S...#.#
#....#...#.###.#.#
######.###.# #...#
#.......# #####
#....#### #....# ######


You could see an adder.

Vanquished Creatures
  A dart slug (D:2)
  A ball python (D:1)
  6 bats
  3 hobgoblins
  2 kobolds (D:1)
  3 rats (D:1)
16 creatures vanquished.

Notes
Turn   | Place    | Note
-------+----------+-------------------------------------------
     0 | D:1      | KyoPewz the Tengu Air Elementalist began the quest for the
                  | Orb.
     0 | D:1      | Reached XP level 1. HP: 10/10 MP: 4/4
   347 | D:1      | Reached XP level 2. HP: 15/15 MP: 4/6
   736 | D:1      | Slain by an adder

Illustrated notes

Levels and vault maps discovered:
D:1:      onia_arrival_pyramid, layout_basic, minmay_misc_feat_iff,
          corexii_leaking_fountain, minmay_strange_pillars
D:2:      minmay_diamond_boxcup, layout_basic, okawaru_altar_gauntlet_db

Skill      XL: |  1  2 |
---------------+-------+-----
Conjurations   | 2 |  2.1
Dodging        | |  2.1
Stealth        | |  2.0
Spellcasting   | |  2.2
Air Magic      | |  4.7

Action                   || total
-------------------------++-------
Melee: Unarmed           ||     8
       Kick              ||     1
 Cast: Shock             ||    35
  Use: Potion            ||     2
Armor: Robe              ||     5
Dodge: Dodged            ||    16
